 Dungeon Crawl Stone Soup version 0.29.0-4-gdea44cf6ec (webtiles) character file.

Game seed: 5113437359023428060

3998 qw the Grappler (level 10, -2/96 HPs)
             Began as a Troll Cinder Acolyte on Aug 31, 2022.
             Was an Elder of Ignis.
             Slain by an orc warrior
             ... wielding a +0 trident
              (19 damage)
             ... on level 9 of the Dungeon.
             The game lasted 00:03:01 (7291 turns).

qw the Grappler (Troll Cinder Acolyte)              Turns: 7291, Time: 00:03:01

Health: -2/96      AC:  3    Str: 28    XL:     10   Next: 3%
Magic:  10/10      EV:  9    Int: 10    God:    Ignis [****..]
Gold:   372        SH:  0    Dex:  5    Spells: 11/11 levels left

rFire   + . .      SeeInvis +     - Unarmed
rCold   . . .      Faith    .   (no shield)
rNeg    . . .      Spirit   .   a - +0 robe
rPois   .          Reflect  .   (helmet restricted)
rElec   .          Harm     .   (no cloak)
rCorr   .          Rampage  .   (gloves unavailable)
Will    .....                   (boots unavailable)
Stlth   +.........              (no amulet)
HPRegen 1.06/turn               f - +4 ring of slaying {mikee}
MPRegen 0.12/turn               i - ring of see invisible

@: about to teleport, corroded, fiery-armoured
A: large, unfitting armour, claws 3, regeneration 1, shaggy fur 1, tough skin 1
a: Renounce Religion, Fiery Armour, Foxfire Swarm, Rising Flame


You were on level 9 of the Dungeon.
You worshipped Ignis.
Ignis was greatly pleased with you.
You visited 1 branch of the dungeon, and saw 9 of its levels.

You collected 510 gold pieces.
You spent 138 gold pieces at shops.


Innate Abilities, Weirdness & Mutations

You are too large for most types of armour.
You have claws for hands.
Your natural rate of healing is unusually fast.
You are covered in fur. (AC +1)
You have tough skin. (AC +1)


   Skills:
 - Level 5.0 Fighting
 - Level 5.0 Throwing
 - Level 1.1 Dodging
 + Level 12.4 Unarmed Combat
 - Level 1.0 Spellcasting
 - Level 2.1 Fire Magic


You had 11 spell levels left.
You didn't know any spells.
Your spell library contained the following spells:

 Spells                   Type           Power      Damage    Failure   Level
 Scorch                   Fire           8%         2d5       22%         2

Inventory:

Missiles
 c - 7 boomerangs
 j - 2 large rocks
 o - 6 javelins (quivered)
Armour
 a - a +0 robe (worn)
Jewellery
 f - a +4 ring of slaying (left claw) {mikee}
 i - a ring of see invisible (right claw)
 n - a +6 ring of dexterity
Scrolls
 g - a scroll of enchant weapon
 h - a scroll of fear {unknown}
 k - a scroll of enchant armour
 l - 7 scrolls of identify
 q - a scroll of brand weapon
Potions
 b - 2 potions of curing
 e - 2 potions of might
 m - 2 potions of mutation

Dungeon Overview and Level Annotations

Branches:
Dungeon (9/15)             Temple (0/1) D:4
   Lair: D:8-11         Orc: D:9-12

Altars:
Cheibriados
Hepliaklqana
Kikubaaqudgha
Nemelex Xobeh
Xom

Shops:
D:3 ?

Annotations:
D:5 2 transporters
D:8 1 runed translucent door, qw's ghost, amateur TeWr


Message History

The orc warrior shouts!
An orc priest comes into view. It is wielding a +2 vampiric hand axe.
The acid dragon spits acid at you. The splash of acid hits you!!
The orc warrior barely misses you. The acid dragon bites you!
The acid dragon claws you.
7287 ||| INVOKING Fiery Armour.
A protective cloak of flame settles atop you.
The orc warrior hits you with a +0 trident!
The acid dragon bites you.
The acid dragon claws you but does no damage.
The acid dragon is burned by your cloak of flames.
The acid dragon is lightly wounded.
You mangle the acid dragon!!
The acid dragon is almost dead.
The orc warrior hits you with a +0 trident!!
The orc warrior is burned by your cloak of flames.
The orc warrior is lightly wounded.
The acid dragon bites you but does no damage.
The acid dragon barely misses you.
7289 ||| READING scroll of teleportation.
As you read the scroll of teleportation, it crumbles to dust.
You feel strangely unstable. The orc warrior closely misses you.
The acid dragon spits acid at you. The splash of acid hits you.
7290 ||| DRINKING 2 potions of heal wounds.
You feel much better.
The orc warrior hits you with a +0 trident.
The orc warrior is burned by your cloak of flames.
The orc warrior is moderately wounded.
The orc priest hits you with a +2 vampiric hand axe.
The orc priest is burned by your cloak of flames.
The orc priest is heavily wounded.
The acid dragon spits acid at you. The splash of acid hits you!!
The acid corrodes you!
7291 ||| DRINKING potion of heal wounds.
You feel much better.
The orc warrior hits you with a +0 trident!!
You die...

#.## .... ##..##
#...#.. #....##
....#..
#.....###.......
#............... ##
#.....$.........
##.###...............
##..#..###............
#.......#.....@o......
##.....##.....oD>.....
##...................
#...##..............
#...................
##.)##..............
##.###.............
#.................
#...........


You could see an orc warrior, an acid dragon and an orc priest.

Vanquished Creatures
  A two-headed ogre (D:4)
  4 yaks (D:7)
  Menkaure (D:4)
  An acid dragon (D:9)
  A water moccasin (D:6)
  3 black bears
  An ice beast (D:7)
  A sky beast (D:7)
  An orc warrior (D:6)
  An ogre (D:5)
  3 centaurs
  A phantom (D:3)
  3 kobold brigands
  3 bullfrogs
  3 necrophages
  2 scorpions
  3 howler monkeys
  2 hounds
  4 jellies
  An orc priest (D:6)
  9 iguanas
  6 orc wizards
  6 adders
  2 ufetubi
  2 dart slugs
  11 orcs
  9 ball pythons
  6 endoplasms
  3 giant cockroaches
  7 goblins
  8 hobgoblins
  25 kobolds
  6 quokkas
  4 bats
  2 frilled lizards
  A quokka zombie (D:7)
  6 rats
  A rat zombie (D:7)
  A spectral goblin (D:3)
155 creatures vanquished.

Vanquished Creatures (others)
  A human (D:8)
1 creature vanquished.

Grand Total: 156 creatures vanquished

Notes
Turn   | Place    | Note
-------+----------+-------------------------------------------
     0 | D:1      | qw the Troll Cinder Acolyte began the quest for the Orb.
     0 | D:1      | Reached XP level 1. HP: 22/22 MP: 1/1
     0 | D:1      | 0 ||| qw: Version: 0.1-a-97-g2dd2ca4
     0 | D:1      | 0 ||| qw: Game counter: 4588
     0 | D:1      | 0 ||| qw: Always use a shield: true
     0 | D:1      | 0 ||| qw: God list: Okawaru
     0 | D:1      | 0 ||| qw: Allow faded altars: false
     0 | D:1      | 0 ||| qw: Do Orc after D:15 true
     0 | D:1      | 0 ||| qw: Do second Lair branch before Depths: true
     0 | D:1      | 0 ||| qw: Lair rune preference: random
     0 | D:1      | 0 ||| qw: Plans: Normal
     0 | D:1      | 0 ||| PLANNING D:1-11
   139 | D:1      | 139 ||| Stepping ~*~*~tactically~*~*~ (stealth).
   180 | D:1      | 180 ||| Stepping ~*~*~tactically~*~*~ (stealth).
   199 | D:1      | Reached XP level 2. HP: 29/29 MP: 2/2
   371 | D:1      | Reached skill level 4 in Unarmed Combat
   789 | D:1      | 789 ||| READING scroll labelled OXENNUMOLL.
   790 | D:1      | 790 ||| READING scroll labelled RUECVY MAUMM.
   791 | D:1      | 791 ||| READING scroll labelled AREWKOF XARES.
   901 | D:2      | Reached XP level 3. HP: 36/36 MP: 3/3
  1065 | D:2      | 1065 ||| Stepping ~*~*~tactically~*~*~ (stealth).
  1071 | D:2      | 1071 ||| Stepping ~*~*~tactically~*~*~ (outnumbered).
  1074 | D:2      | 1074 ||| Stepping ~*~*~tactically~*~*~ (stealth).
  1075 | D:2      | 1075 ||| Stepping ~*~*~tactically~*~*~ (stealth).
  1467 | D:2      | 1467 ||| READING scroll labelled GIVEINK IKLUS.
  1499 | D:3      | Found a faded altar of an unknown god.
  1517 | D:3      | 1517 ||| Stepping ~*~*~tactically~*~*~ (hiding).
  1686 | D:3      | Noticed a phantom
  1701 | D:3      | Killed a phantom
  1702 | D:3      | Reached skill level 5 in Unarmed Combat
  1702 | D:3      | Reached XP level 4. HP: 26/44 MP: 4/4
  2185 | D:3      | Found Piluecs's Magic Scroll Emporium.
  2207 | D:3      | 2207 ||| BUYING scroll of enchant armour (90 gold).
  2207 | D:3      | Bought a scroll of enchant armour for 90 gold pieces
  2207 | D:3      | 2207 ||| BUYING scroll of identify (24 gold).
  2207 | D:3      | Bought a scroll of identify for 24 gold pieces
  2207 | D:3      | 2207 ||| BUYING scroll of identify (24 gold).
  2207 | D:3      | Bought a scroll of identify for 24 gold pieces
  2207 | D:3      | 2207 ||| SHOPLISTING scroll of identify (24 gold, have 22).
  2234 | D:3      | Reached XP level 5. HP: 50/50 MP: 5/5
  2258 | D:3      | Reached skill level 6 in Unarmed Combat
  2499 | D:3      | 2499 ||| UPGRADING to +4 ring of slaying {mikee}.
  2500 | D:3      | 2500 ||| UPGRADING to ring of see invisible.
  2501 | D:3      | 2501 ||| READING scroll labelled KYWOZIR COUCUM.
  2502 | D:3      | 2502 ||| READING scroll labelled RAZI PIRAEVO.
  2507 | D:3      | 2507 ||| READING 4 scrolls of identify.
  2507 | D:3      | 2507 ||| IDENTIFYING fizzy grey potion
  2508 | D:3      | 2508 ||| READING 3 scrolls of identify.
  2508 | D:3      | 2508 ||| IDENTIFYING smoky red potion
  2509 | D:3      | 2509 ||| READING 2 scrolls of identify.
  2509 | D:3      | 2509 ||| IDENTIFYING pink potion
  2510 | D:3      | 2510 ||| DROPPING potion of flight.
  2511 | D:3      | 2511 ||| DROPPING potion of attraction.
  2547 | D:4      | Found a staircase to the Ecumenical Temple.
  2652 | D:4      | Found a shimmering altar of Xom.
  2742 | D:4      | Noticed Menkaure
  2746 | D:4      | 2746 ||| INVOKING Fiery Armour.
  2749 | D:4      | Killed Menkaure
  2750 | D:4      | Reached XP level 6. HP: 18/59 MP: 6/6
  2870 | D:4      | 2870 ||| Stepping ~*~*~tactically~*~*~ (stealth).
  2891 | D:4      | Noticed a two-headed ogre
  2896 | D:4      | 2896 ||| Stepping ~*~*~tactically~*~*~ (hiding).
  2902 | D:4      | 2902 ||| INVOKING Fiery Armour.
  2904 | D:4      | 2904 ||| Stepping ~*~*~tactically~*~*~ (outnumbered).
  2906 | D:4      | 2906 ||| Stepping ~*~*~tactically~*~*~ (outnumbered).
  2912 | D:4      | Killed a two-headed ogre
  2913 | D:4      | Reached skill level 8 in Unarmed Combat
  2913 | D:4      | Reached XP level 7. HP: 34/66 MP: 7/7
  3390 | D:4      | Reached skill level 3 in Fighting
  3390 | D:4      | Reached XP level 8. HP: 75/75 MP: 8/8
  3397 | D:4      | Found a snail-covered altar of Cheibriados.
  3488 | D:4      | 3488 ||| READING scroll labelled HOTUCUA ECRORI.
  3489 | D:4      | 3489 ||| READING scroll labelled HEOQARE BOWNOE.
  3490 | D:4      | 3490 ||| READING 3 scrolls of identify.
  3490 | D:4      | 3490 ||| IDENTIFYING green potion
  3491 | D:4      | 3491 ||| READING 2 scrolls of identify.
  3491 | D:4      | 3491 ||| IDENTIFYING fizzy coppery potion
  3492 | D:4      | 3492 ||| DROPPING potion of degeneration.
  3493 | D:4      | 3493 ||| DROPPING potion of magic.
  3505 | D:5      | Entered Level 5 of the Dungeon
  3507 | D:5      | 3507 ||| STAIRDANCE
  3510 | D:4      | Reached skill level 3 in Throwing
  3526 | D:5      | Reached skill level 9 in Unarmed Combat
  3526 | D:5      | 3526 ||| Stepping ~*~*~tactically~*~*~ (stealth).
  3533 | D:5      | Reached skill level 1 in Dodging
  3648 | D:5      | Found a hazy altar of Hepliaklqana.
  3650 | D:5      | Found a sparkling altar of Nemelex Xobeh.
  3770 | D:5      | Found a transporter.
  3817 | D:5      | 3817 ||| Stepping ~*~*~tactically~*~*~ (stealth).
  3844 | D:5      | Reached skill level 10 in Unarmed Combat
  3964 | D:5      | Found a transporter.
  4277 | D:5      | 4277 ||| READING scroll labelled GOGUB QICLYIF.
  4278 | D:5      | 4278 ||| READING 2 scrolls of identify.
  4278 | D:5      | 4278 ||| IDENTIFYING amethyst potion
  4473 | D:6      | 4473 ||| Stepping ~*~*~tactically~*~*~ (hiding).
  4475 | D:6      | 4475 ||| Stepping ~*~*~tactically~*~*~ (hiding).
  4476 | D:6      | 4476 ||| Stepping ~*~*~tactically~*~*~ (hiding).
  4484 | D:6      | 4484 ||| Stepping ~*~*~tactically~*~*~ (hiding).
  4485 | D:6      | 4485 ||| Stepping ~*~*~tactically~*~*~ (hiding).
  4492 | D:6      | Reached XP level 9. HP: 65/84 MP: 9/9
  4861 | D:6      | 4861 ||| Stepping ~*~*~tactically~*~*~ (stealth).
  4901 | D:6      | Reached skill level 11 in Unarmed Combat
  5044 | D:6      | 5044 ||| READING scroll labelled SUNYJEPRAASM.
  5157 | D:7      | 5157 ||| PLANNING OSSUARY
  5158 | D:7      | 5158 ||| STAIRDANCE
  5284 | D:7      | 5284 ||| Stepping ~*~*~tactically~*~*~ (stealth).
  5285 | D:7      | 5285 ||| Stepping ~*~*~tactically~*~*~ (stealth).
  5304 | D:7      | 5304 ||| Stepping ~*~*~tactically~*~*~ (stealth).
  5487 | D:7      | Found a sand-covered staircase.
  5488 | D:7      | 5488 ||| READING scroll labelled GENUOJO DUROA.
  5489 | D:7      | 5489 ||| READING scroll of teleportation.
  5499 | D:7      | 5499 ||| Stepping ~*~*~tactically~*~*~ (hiding).
  5509 | D:7      | 5509 ||| DRINKING 2 potions of curing.
  5509 | D:7      | 5509 ||| (to cure confusion)
  5579 | D:7      | Identified the +4 scale mail "Qionizus" {Will+ Str+4}
  5731 | D:7      | 5731 ||| RIP OSSUARY
  5731 | D:7      | 5731 ||| PLANNING D:1-11
  5793 | D:7      | 5793 ||| Stepping ~*~*~tactically~*~*~ (stealth).
  5795 | D:7      | 5795 ||| Stepping ~*~*~tactically~*~*~ (stealth).
  5799 | D:7      | 5799 ||| Stepping ~*~*~tactically~*~*~ (stealth).
  5812 | D:7      | Reached skill level 12 in Unarmed Combat
  6106 | D:7      | 6106 ||| READING 4 scrolls of identify.
  6106 | D:7      | 6106 ||| IDENTIFYING emerald potion
  6107 | D:7      | 6107 ||| DROPPING potion of lignification.
  6132 | D:8      | Found an ancient bone altar of Kikubaaqudgha.
  6157 | D:8      | Found a runed translucent door.
  6157 | D:8      | Found a shimmering altar of Xom.
  6157 | D:8      | Noticed a +0 rapier of chaos
  6157 | D:8      | Noticed qw's ghost (amateur TeWr)
  6451 | D:8      | 6451 ||| Stepping ~*~*~tactically~*~*~ (stealth).
  6453 | D:8      | 6453 ||| Stepping ~*~*~tactically~*~*~ (stealth).
  6455 | D:8      | 6455 ||| Stepping ~*~*~tactically~*~*~ (stealth).
  6474 | D:8      | 6474 ||| Stepping ~*~*~tactically~*~*~ (stealth).
  6499 | D:8      | 6499 ||| Stepping ~*~*~tactically~*~*~ (stealth).
  6503 | D:8      | 6503 ||| Stepping ~*~*~tactically~*~*~ (stealth).
  6505 | D:8      | 6505 ||| Stepping ~*~*~tactically~*~*~ (stealth).
  6518 | D:8      | 6518 ||| Stepping ~*~*~tactically~*~*~ (stealth).
  6739 | D:8      | Identified the +7 chain mail of Zacage {+Blink Str+10 Int-2
                  | Dex-4}
  6912 | D:8      | 6912 ||| DROPPING amulet of magic regeneration.
  6913 | D:8      | 6913 ||| DROPPING ring of wizardry.
  6914 | D:8      | 6914 ||| READING scroll labelled IRUCEI MURR.
  6991 | D:9      | 6991 ||| Stepping ~*~*~tactically~*~*~ (stealth).
  6992 | D:9      | 6992 ||| Stepping ~*~*~tactically~*~*~ (stealth).
  6994 | D:9      | 6994 ||| Stepping ~*~*~tactically~*~*~ (hiding).
  7079 | D:9      | 7079 ||| Stepping ~*~*~tactically~*~*~ (stealth).
  7085 | D:9      | 7085 ||| Stepping ~*~*~tactically~*~*~ (stealth).
  7088 | D:9      | 7088 ||| Stepping ~*~*~tactically~*~*~ (stealth).
  7169 | D:9      | 7169 ||| INVOKING Fiery Armour.
  7171 | D:9      | Reached XP level 10. HP: 49/96 MP: 10/10
  7257 | D:9      | 7257 ||| Stepping ~*~*~tactically~*~*~ (hiding).
  7287 | D:9      | 7287 ||| INVOKING Fiery Armour.
  7288 | D:9      | HP: 10/96 [orc warrior/+0 trident (18)]
  7289 | D:9      | 7289 ||| READING scroll of teleportation.
  7290 | D:9      | 7290 ||| DRINKING 2 potions of heal wounds.
  7290 | D:9      | HP: 1/96 [acid dragon/splash of acid (25)]
  7291 | D:9      | 7291 ||| DRINKING potion of heal wounds.
  7291 | D:9      | Slain by an orc warrior

Levels and vault maps discovered:
D:1:      wander_arrival_fairy_ring, layout_basic
D:2:      layout_loops_ring
D:3:      layout_loops_corners, serial_shops, shop_fountains,
          dreamdust_ecumenical_altar_drowned_temple, nicolae_figureground_pulse
D:4:      layout_loops_ring, mainiacjoe_overflow_alcove_4,
          mainiacjoe_overflow_alcove_1, minmay_temple_entry_antechambers,
          serial_rivers, chequers_serial_rivers_small_b,
          chequers_serial_rivers_small_a, chequers_serial_rivers_room_b,
          chequers_serial_rivers_room_a, grunt_ministairs_6, uniq_menkaure
D:5:      gammafunk_steamed_eel, layout_cave_pods, nemelex_spade_bored_becter,
          lemuel_tele_altar, kennysheep_doodads
D:6:      layout_basic
D:7:      layout_loops_corners, enter_ossuary_4,
          hangedman_abyss_or_decor_jellyfish_corner
D:8:      layout_loops_cross, tgw_kikubaaqudgha, serial_glass, glass_columns_a,
          glass_columns_a, ebering_ghost_xom, roderic_roman_lattice,
          eino_small_chamber_without_monster
D:9:      layout_cave_pools, nicolae_overflow_hidden_temple, orc_0_dummy

Skill      XL: |  1  2  3  4  5  6  7  8  9 |
---------------+----------------------------+-----
Unarmed Combat | 4 5 6 8 10 12 | 12.4
Throwing       | 2 3 5 |  5.0
Fighting       | 3 4 5 |  5.0
Dodging        | 1 |  1.1
Spellcasting   | |  1.0
Fire Magic     | |  2.1

Action                   |  1- 3 |  4- 6 |  7- 9 | 10-12 || total
-------------------------+-------+-------+-------+-------++-------
Melee: Unarmed           |   101 |    57 |   143 |    11 ||   312
       Punch             |       |     1 |     6 |       ||     7
Throw: Large rock        |       |     6 |    44 |     2 ||    52
       Boomerang         |       |       |     8 |       ||     8
       Javelin           |       |       |    10 |     2 ||    12
Invok: Fiery Armour      |       |     2 |     1 |     1 ||     4
  Use: Scroll            |     4 |     5 |    11 |     1 ||    21
       Potion            |       |       |     1 |     2 ||     3
Armor: Robe              |    21 |    14 |    35 |     4 ||    74
Dodge: Dodged            |    23 |    19 |    55 |     5 ||   102

Table legend:
 A = Non-vault XP
 B = Vault XP
 C = Vault XP percentage of total XP
 D = Non-vault monster count
 E = Vault monster count
 F = Vault count percentage of total count
                 A         B        C        D         E       F
            +---------+---------+-------+---------+---------+-------
      Total |    5524 |     188 |   3.3 |     150 |       5 |   3.2
            +---------+---------+-------+---------+---------+-------
        D:1 |      40 |       0 |   0.0 |      25 |       0 |   0.0
        D:2 |      21 |       0 |   0.0 |      11 |       0 |   0.0
        D:3 |     181 |       1 |   0.5 |      13 |       1 |   7.1
        D:4 |    1153 |     185 |  13.8 |      26 |       2 |   7.1
        D:5 |     751 |       0 |   0.0 |      14 |       0 |   0.0
        D:6 |     677 |       0 |   0.0 |       9 |       0 |   0.0
        D:7 |    1549 |       2 |   0.1 |      19 |       2 |   9.5
        D:8 |     505 |       0 |   0.0 |      17 |       0 |   0.0
        D:9 |     647 |       0 |   0.0 |      16 |       0 |   0.0
            +---------+---------+-------+---------+---------+-------
